Map: Orbital Shipyard

Players

Quar - Winner!

  • Race: Protoss Protoss
  • League: Silver

Novawulfen

  • Race: Terran Terran
  • League: Gold

VOD

Have the link to the VOD?

Description

Time

  • Played on: Nov. 15, 2015, 8:06 a.m.
  • Length: 8:55
Show
View Real Time Build Order
Export as new Build Order

Quar Protoss - Winner!

Build Orders: Oracle Opening 

Get SALT Encoding   

  12  0:01  Probe (Chrono Boost)  
  13  0:13  Pylon  
  13  0:19  Probe (Chrono Boost)  
  14  0:31  Gateway  
  14  0:34  Probe (Chrono Boost)  
  15  0:45  Probe (Chrono Boost)  
  16  0:52  Assimilator  
  16  0:56  Probe (Chrono Boost)  
  17  0:57  Assimilator  
  17  1:06  Probe (Chrono Boost)  
  18  1:19  Cybernetics Core  
  18  1:22  Pylon  
  18  1:24  Probe (Chrono Boost)  
  19  1:34  Probe (Chrono Boost)  
  19  1:38  Pylon  
  20  1:49  Probe (Chrono Boost)  
  21  1:58  Stalker (Chrono Boost)  
  21  1:59  Probe  
  21  2:00  Warp Gate (Chrono Boost)  
  24  2:11  Probe  
  24  2:16  Stargate  
  24  2:40  Forge  
  24  2:47  Pylon  
  24  3:02  Oracle (Chrono Boost)  
  27  3:08  Mothership Core (Chrono Boost)  
  29  3:28  Gateway  
  29  3:29  Gateway  
  29  3:31  Gateway, Pylon  
  29  3:57  Oracle (Chrono Boost), Photon Cannon  
  29  4:02  Pylon  
  29  4:28  Void Ray (Chrono Boost)  
  33  4:53  Stalker x3  
  33  4:54  Stalker  
  41  5:02  Pylon  
  41  5:05  Pylon  
  41  5:34  Nexus  
  41  5:39  Robotics Facility  
  41  6:07  Sentry x4  
  47  6:34  Stalker x3  
  47  6:35  Zealot  
  55  6:48  Probe (Chrono Boost)  
  56  6:55  Warp Prism (Chrono Boost)  
  56  7:00  Probe (Chrono Boost)  
  59  7:04  Stalker  
  59  7:05  Stalker x2  
  65  7:15  Probe x2 (Chrono Boost)  
  67  7:26  Probe (Chrono Boost)  
  67  7:27  Probe (Chrono Boost)  
  70  7:37  Probe (Chrono Boost)  
  70  7:38  Probe (Chrono Boost)  
  71  7:52  Stalker  
  71  7:53  Stalker x3  
  81  8:12  Probe (Chrono Boost)  
  81  8:13  Probe (Chrono Boost)  
  77  8:23  Probe x2 (Chrono Boost)  
  77  8:27  Stalker x4  
  76  8:45  Assimilator  
  68  8:49  Assimilator  
  68  8:52  Pylon  
  68  8:53  Stalker x3  
Show
View Real Time Build Order
Export as new Build Order

Novawulfen Terran 

Build Orders: MMM Bio 

Get SALT Encoding   

  12  0:01  SCV  
  13  0:13  SCV  
  14  0:19  Supply Depot  
  14  0:26  SCV  
  15  0:29  Refinery  
  15  0:41  SCV  
  16  0:46  Barracks  
  16  0:56  SCV  
  17  1:08  SCV  
  18  1:20  SCV  
  19  1:32  SCV  
  20  1:34  Reaper  
  21  1:44  Orbital Command  
  21  1:51  Supply Depot  
  21  2:12  Command Center  
  21  2:13  SCV, Barracks  
  22  2:25  SCV  
  23  2:32  Barracks Reactor  
  23  2:35  Engineering Bay  
  23  2:40  SCV  
  24  2:45  Barracks  
  24  3:02  SCV  
  24  3:03  Marine  
  26  3:11  Marine x2  
  28  3:14  SCV  
  28  3:17  Missile Turret  
  28  3:18  Terran Infantry Weapons Level 1  
  28  3:21  Barracks Tech Lab  
  28  3:32  Supply Depot, Marine x2, SCV  
  28  3:33  Refinery  
  31  3:35  Barracks Tech Lab  
  31  3:39  Marine  
  32  3:44  SCV, Stimpack  
  33  3:59  Missile Turret  
  33  4:00  Supply Depot  
  33  4:05  Supply Depot  
  33  4:06  SCV  
  34  4:11  Orbital Command  
  34  4:18  SCV  
  34  4:21  Marine  
  36  4:28  Marauder  
  36  4:30  SCV  
  39  4:32  Concussive Shells  
  39  4:36  Marauder, Marine  
  39  4:37  SCV  
  43  4:44  Marine  
  44  4:52  SCV  
  45  4:53  SCV, Marine  
  45  4:54  Engineering Bay  
  45  4:57  Marauder  
  45  4:59  Marauder  
  51  5:04  Supply Depot  
  51  5:05  SCV  
  51  5:06  Supply Depot  
  52  5:08  SCV  
  52  5:09  Marine  
  54  5:19  Factory  
  54  5:21  Terran Infantry Armor Level 1  
  54  5:26  SCV  
  54  5:27  SCV  
  56  5:30  Marine x3  
  56  5:31  Marauder  
  56  5:35  Combat Shields  
  61  5:39  SCV x2  
  63  5:48  Marine x2  
  65  5:50  Marauder  
  65  5:51  Marine  
  68  6:06  Marine x2  
  68  6:10  Marauder  
  72  6:17  Marauder  
  70  6:23  Marine  
  70  6:24  SCV x2, Marine  
  74  6:27  Factory Reactor, Barracks  
  74  6:28  Starport  
  74  6:29  Barracks  
  74  6:31  Marauder  
  69  6:36  SCV  
  65  6:41  Marauder  
  65  6:42  Marine x2  
  69  6:49  SCV x2  
  69  6:53  Refinery  
  71  6:55  Refinery  
  71  6:57  Command Center, Marine  
  71  7:00  Marine  
  73  7:10  Armory  
  73  7:12  Supply Depot  
  73  7:19  SCV x2, Marine x2  
  73  7:20  Barracks Tech Lab, Marauder x2  
  73  7:21  Barracks Reactor  
  81  7:31  SCV x2  
  83  7:42  Missile Turret  
  83  7:44  Missile Turret  
  83  7:45  SCV  
  83  7:46  SCV, Marauder x2, Marine x2  
  83  7:47  Marine  
  83  7:48  Medivac  
  94  7:57  Supply Depot  
  94  8:00  Supply Depot  
  94  8:05  SCV x2, Medivac, Missile Turret, Widow Mine  
  100  8:10  Missile Turret  
  100  8:18  Medivac  
  98  8:27  Marauder x2, Marine x3  
  88  8:32  Marine x2  
Tags
 
Add a new tag
Caveats
  • Supply blocks, unpowered buildings, or Contaminate may cause inaccurate times.
  • Supply counts are checked every 10 seconds.